 Dungeon Crawl Stone Soup version 0.20-a0-839-gdaf5c57 (webtiles) character file.

2 dvd the Stinger (level 1, 0/11 HPs)
             Began as an Octopode Venom Mage on Mar 8, 2017.
             Slain by a goblin
             ... wielding a +0 club
             ... led by Robin
              (4 damage)
             ... on level 2 of the Dungeon.
             The game lasted 00:00:18 (30 turns).

dvd the Stinger (Octopode Venom Mage)                 Turns: 30, Time: 00:00:19

Health: 0/11       AC:  1    Str:  7    XL:     1   Next: 40%
Magic:  1/3        EV: 13    Int: 17    God:
Gold:   0          SH:  0    Dex: 12    Spells: 3/4 levels left

rFire    . . .     SeeInvis .   (no weapon)
rCold    . . .     Gourm    .   (no shield)
rNeg     . . .     Faith    .   (helmet restricted)
rPois    .         Spirit   .   (no amulet)
rElec    .         Reflect  .   (no ring)
rCorr    .         Harm     .   (no ring)
MR       .....                  (no ring)
Stlth    +++.......             (no ring)
Regen    0.1/turn               (no ring)
MPRegen  0.1/turn               (no ring)
                                (no ring)
                                (no ring)

@: no status effects
A: almost no armour, stealthy swim, amphibious, 8 rings, constrict 8, camouflage
1, gelatinous body 1
a: no special abilities


You were on level 2 of the Dungeon.
You were not hungry.

You visited 1 branch of the dungeon, and saw 2 of its levels.

Inventory:

Books
 a - a Young Poisoner's Handbook

   Spells                             Type                      Level
   a - Sting                          Conjuration/Poison           1
   b - Poisonous Vapours              Poison/Air                   2
   c - Mephitic Cloud                 Conjuration/Poison/Air       3
   d - Olgreb's Toxic Radiance        Poison                       4
   e - Venom Bolt                     Conjuration/Poison           5
Comestibles
 b - a bread ration


   Skills:
 + Level 2.0 Dodging
 + Level 2.6 Stealth
 + Level 2.0 Spellcasting
 + Level 1.1 Conjurations
 + Level 3.7 Poison Magic


You had 3 spell levels left.
You knew the following spells:

 Your Spells              Type           Power        Failure   Level  Hunger
a - Sting                 Conj/Pois      ##..         10%         1    #......


Dungeon Overview and Level Annotations

Branches:
Dungeon (1/15)

Altars:

Annotations:
D:1 1 runed door


Innate Abilities, Weirdness & Mutations

You cannot wear most types of armour.
You are very stealthy in the water. (Stealth+)
You are amphibious.
You can wear up to eight rings at the same time.
You can use your tentacles to constrict eight enemies at once.
Your skin changes colour to match your surroundings (Stealth+).
Your rubbery body absorbs attacks. (AC +1, EV +1)


Message History

The quokka is lightly wounded.
The quokka bites you. The quokka misses you.
You tentacle-slap the quokka but do no damage.
Your grab misses the quokka.
The quokka is lightly wounded.
The quokka barely misses you.
You miss the quokka. You grab the quokka.
The quokka is lightly wounded.
You constrict the quokka, but do no damage.
The quokka bites you.
You tentacle-slap the quokka.
The quokka is moderately wounded.
You constrict the quokka. The quokka barely misses you.
The goblin hits you but does no damage.
You tentacle-slap the quokka but do no damage.
The quokka is heavily wounded.
You constrict the quokka.
The frilled lizard hisses angrily.
The quokka bites you. The goblin hits you with a club.
You die...

#. #? # #g## #.
..######## ####.##
#........#
.......####........#
......r.ggg........#
.......@###........#
.[?....## #........#
....... ##.......#
....... #g#.#####
....... #.g.#
....... ##.g#
.l..... #.......#
....... #.......#
#...†...#


You could see a quokka, 2 hobgoblins, a goblin and a frilled lizard.

Vanquished Creatures
  A goblin (D:2)
  A hobgoblin (D:2)
2 creatures vanquished.

Vanquished Creatures (others)
  A bat (D:2)
1 creature vanquished.

Grand Total: 3 creatures vanquished

Notes
Turn   | Place    | Note
-------+----------+-------------------------------------------
     0 | D:1      | dvd the Octopode Venom Mage began the quest for the Orb.
     0 | D:1      | Reached XP level 1. HP: 11/11 MP: 3/3
     1 | D:1      | Found a runed door.
    11 | D:1      | You fall through a shaft!
    30 | D:2      | Slain by a goblin

Vault maps used:
D:1:      dpeg_arrival_caged_fury, serial_forest, infiniplex_forest_clump_cross,
          infiniplex_forest_end_1, infiniplex_forest_straight_4,
          infiniplex_forest_lined_room_3, infiniplex_forest_pool,
          infiniplex_forest_clump_medium, infiniplex_forest_lined_3_way
D:2:      lemuel_zombie_altar_kikubaaqudgha, elyvilon_altar_4, first_bread,
          uniq_terence, uniq_sigmund, uniq_robin

Action                   || total
-------------------------++-------
Melee: Unarmed           ||     5
       Constrict         ||     1
 Cast: Sting             ||     3
 Stab: Sleeping          ||     1
Dodge: Dodged            ||     3
